 Dungeon Crawl Stone Soup version 0.29-a0-371-g91724d5b39 (webtiles) character file.

Game seed: 6323380778368628781

40 psuckher the Digger (level 3, -1/19 HPs)
             Began as a Gargoyle Earth Elementalist on May 2, 2022.
             Was a Believer of Lugonu.
             Slain by Sigmund
             ... wielding a +5 scythe of flaming
              (12 damage)
             ... on level 2 of the Dungeon.
             The game lasted 00:06:05 (1439 turns).

psuckher the Digger (Gargoyle Earth Elementalist)   Turns: 1439, Time: 00:06:05

Health: -1/19      AC:  5    Str: 13    XL:     3   Next: 50%
Magic:  3/6        EV: 12    Int: 15    God:    Lugonu [**....]
Gold:   70         SH:  0    Dex: 10    Spells: 5/6 levels left

rFire   . . .      SeeInvis .     - Unarmed
rCold   . . .      Faith    .   (no shield)
rNeg    + . .      Spirit   .   b - +0 robe
rPois   ∞          Reflect  .   (no helmet)
rElec   +          Harm     .   (no cloak)
rCorr   .          Rampage  .   (no gloves)
Will    .....                   (no boots)
Stlth   ++........              k - amulet of regeneration
HPRegen 0.86/turn               (no ring)
MPRegen 0.10/turn               (no ring)

@: hasted, very quick
A: sickness immunity, AC +3, negative energy resistance 1, electricity
resistance, torment resistance 1, petrification resistance
a: Renounce Religion, Depart the Abyss, Bend Space


You were on level 2 of the Dungeon.
You worshipped Lugonu.
Lugonu was pleased with you.
You visited 1 branch of the dungeon, and saw 2 of its levels.

You collected 70 gold pieces.

Inventory:

Missiles
 a - 77 stones
 g - 3 poisoned darts
Armour
 b - a +0 robe (worn)
Jewellery
 k - an amulet of regeneration (around neck)
Scrolls
 e - 2 scrolls of vulnerability {unknown}
 f - 3 scrolls of fear {unknown}
 h - 2 scrolls of magic mapping {unknown}
 i - 4 scrolls of identify {unknown}
Potions
 c - 2 potions of magic
 d - a potion of haste
 j - a potion of might {unknown}


   Skills:
 + Level 1.8 Dodging
 + Level 2.8 Stealth
 + Level 1.1 Unarmed Combat
 + Level 2.3 Spellcasting
 + Level 0.7 Transmutations
 + Level 4.0 Earth Magic


You had 5 spell levels left.
You knew the following spells:

 Your Spells              Type           Power      Damage    Failure   Level
a - Sandblast             Erth           26%        2d8       4%          1

Your spell library contained the following spells:

 Spells                   Type           Power      Damage    Failure   Level
 Passwall                 Tmut/Erth      6%         N/A       12%         2
 Stone Arrow              Conj/Erth      14%        3d7       28%         3
 Petrify                  Tmut/Erth      8%         N/A       63%         4


Dungeon Overview and Level Annotations

Branches:
Dungeon (2/15)

Altars:
Lugonu

Shops:
D:2 (

Annotations:
D:2 Sigmund


Innate Abilities, Weirdness & Mutations

You are immune to sickness and miasma.
Your stone body is resilient. (AC +3)
You are immune to poison.
You resist negative energy. (rN+)
You are resistant to electric shocks. (rElec)
You are resistant to unholy torment.
You are immune to petrification.


Message History

Sigmund burns you.
You closely miss the adder. The adder bites you but does no damage.
You hit the adder.
The adder is lightly wounded.
The adder misses you. Sigmund barely misses you. The adder misses you.
You hit the adder. You punch the adder.
The adder is moderately wounded.
The adder bites you but does no damage.
Sigmund's eyes start glowing with a red light.
Sigmund closely misses you.
You barely miss the adder.
The adder is moderately wounded.
The adder bites you.
You hit the adder.
The adder is severely wounded.
The adder misses you.
Sigmund hits you from afar with a +5 scythe of flaming.
Sigmund burns you.
It was a potion of haste.
You feel yourself speed up. The adder misses you. The adder barely misses you.
Aiming: Sandblast (safe; 4% risk of failure)
Press: ? - help, Q - select action, (/) - cycle Shift-Dir - straight line, f - Sigmund
Aim: Sigmund, wielding a +5 scythe of flaming and wearing a +0 robe (77% to hit)
The blast of sand hits the adder!
You kill the adder!
Lugonu accepts your kill.
Your Unarmed Combat skill increases to level 1!
Aiming: Sandblast (safe; 4% risk of failure)
Press: ? - help, Q - select action, (/) - cycle Shift-Dir - straight line, f/p - Sigmund
Aim: Sigmund, wielding a +5 scythe of flaming and wearing a +0 robe (77% to hit)
The blast of sand hits Sigmund.
Sigmund is lightly wounded.
Aiming: Sandblast (safe; 4% risk of failure)
Press: ? - help, Q - select action, (/) - cycle Shift-Dir - straight line, f/p - Sigmund
Aim: Sigmund, wielding a +5 scythe of flaming and wearing a +0 robe (lightly wounded, 77% to hit)
The blast of sand hits Sigmund!
Sigmund is heavily wounded.
Sigmund hits you from afar with a +5 scythe of flaming!
Ouch! That really hurt!
You die...

?. #[. .. ##.#
#.. #.# #@#
#.# #@## #∩.#
#..# ##.##.#
#..#.# ##.#.#
###
#######.#.####
#..
.............#
#####..
###..........#
#......


You could see Sigmund.

Vanquished Creatures
  2 adders (D:2)
  A dart slug (D:1)
  2 ball pythons (D:1)
  4 endoplasms
  A hobgoblin (D:2)
  A quokka (D:1)
  A frilled lizard (D:1)
  4 goblins (D:1)
  3 kobolds
  2 rats (D:1)
21 creatures vanquished.

Notes
Turn   | Place    | Note
-------+----------+-------------------------------------------
     0 | D:1      | psuckher the Gargoyle Earth Elementalist began the quest
                  | for the Orb.
     0 | D:1      | Reached XP level 1. HP: 10/10 MP: 3/3
   283 | D:1      | Reached XP level 2. HP: 6/15 MP: 0/5
   489 | D:1      | Found a faded altar of an unknown god.
   498 | D:1      | Prayed at the altar of an unknown god.
   498 | D:1      | Became a worshipper of Lugonu the Unformed
   498 | D:1      | Reached * piety under Lugonu
   498 | D:1      | Reached ** piety under Lugonu
  1254 | D:2      | Reached skill level 4 in Earth Magic
  1284 | D:2      | Reached XP level 3. HP: 17/19 MP: 4/6
  1409 | D:2      | Found Maiggala's Antique Weapon Boutique.
  1424 | D:2      | Noticed Sigmund
  1438 | D:2      | Reached skill level 1 in Unarmed Combat
  1439 | D:2      | Slain by Sigmund

Illustrated notes

Levels and vault maps discovered:
D:1:      dpeg_arrival_concentric_ovals, layout_basic,
          ebering_ecumenical_altar_mist, minivault_11, kennysheep_small_spiral
D:2:      minmay_chambers_of_ones, layout_basic, serial_shops, shop,
          st_stairs_14, uniq_sigmund

Skill      XL: |  1  2  3 |
---------------+----------+-----
Earth Magic    | 4 |  4.0
Unarmed Combat | 1 |  1.1
Dodging        | |  1.8
Stealth        | |  2.8
Spellcasting   | |  2.3
Transmutations | |  0.7

Action                   || total
-------------------------++-------
Melee: Unarmed           ||    75
       Punch             ||     3
 Cast: Sandblast         ||    17
Invok: Bend Space        ||     1
  Use: Potion            ||     1
 Stab: Sleeping          ||     4
Armor: Robe              ||    29
Dodge: Dodged            ||    38

Table legend: (Time is in decaauts)
 A = Elapsed time spent in this place.
 B = Non-inter-level travel time spent in this place.
 C = Inter-level travel time spent in this place.
 D = Time resting spent in this place.
 E = Time spent auto-exploring this place.
 F = Levels seen in this place.
 G = Mean time per level.
                   A        B        C        D        E       F      G
               +--------+--------+--------+--------+--------+-----+--------+
         Total |   1437 |   1314 |    123 |      0 |    740 |   2 |  718.5 |
       Dungeon |   1437 |   1314 |    123 |      0 |    740 |   2 |  718.5 |
               +--------+--------+--------+--------+--------+-----+--------+

Top non-repeatable levels by time:
     D:1: 1247 daAuts
     D:2: 189 daAuts
